 Dungeon Crawl Stone Soup version 0.28.0-45-g0d030f2227 (webtiles) character file.

Game seed: 15049066624691095204

100 DearestLeader the Chopper (level 4, 0/41 HPs)
             Began as a Gnoll Chaos Knight on Apr 20, 2022.
             Was a Plaything of Xom.
             Slain by an orc wizard
             ... wielding a +0 dagger
              (3 damage)
             ... on level 3 of the Dungeon.
             The game lasted 00:03:09 (1767 turns).

DearestLeader the Chopper (Gnoll Chaos Knight)      Turns: 1767, Time: 00:03:09

Health: 0/41       AC:  5    Str: 14    XL:     4   Next: 74%
Magic:  5/5        EV: 12    Int: 11    God:    Xom [....*.]
Gold:   111        SH:  0    Dex: 11    Spells: 5/5 levels left

rFire   . . .      SeeInvis .   a - +0 hand axe (chaos)
rCold   + . .      Faith    .   (no shield)
rNeg    . . .      Spirit   .   b - +2 leather armour
rPois   .          Reflect  .   (no helmet)
rElec   .          Harm     .   (no cloak)
rCorr   .          Rampage  .   (no gloves)
Will    .....                   (no boots)
Stlth   +.........              (no amulet)
HPRegen 0.13/turn               f - ring of protection from cold
MPRegen 0.09/turn               (no ring)

@: no status effects
A: fangs 1, strong nose, distributed training
a: Renounce Religion


You were on level 3 of the Dungeon.
You worshipped Xom.
You were a beloved toy of Xom.
You visited 1 branch of the dungeon, and saw 3 of its levels.

You collected 111 gold pieces.

Inventory:

Hand Weapons
 a - a +0 hand axe of chaos (weapon)
 c - a +0 vorpal hand axe
 j - a +0 hunting sling
Missiles
 k - 45 sling bullets
Armour
 b - a +2 leather armour (worn)
Jewellery
 f - a ring of protection from cold (left hand)
Scrolls
 g - a scroll of brand weapon {unknown}
 i - a scroll of teleportation {unknown}
 l - a scroll of enchant armour {unknown}
 m - a scroll of magic mapping {unknown}
Potions
 d - a potion of resistance {unknown}


   Skills:
 + Level 6.6 Fighting
 + Level 1.2 Short Blades
 + Level 1.2 Long Blades
 + Level 6.6 Axes
 + Level 1.2 Maces & Flails
 + Level 1.2 Polearms
 + Level 1.2 Staves
 + Level 1.2 Slings
 + Level 1.2 Bows
 + Level 1.2 Crossbows
 + Level 1.2 Throwing
 + Level 4.7 Armour
 + Level 2.8 Dodging
 + Level 1.2 Stealth
 + Level 1.2 Shields
 + Level 1.2 Unarmed Combat
 + Level 1.2 Spellcasting
 + Level 1.0 Conjurations
 + Level 1.0 Hexes
 + Level 1.0 Summonings
 + Level 1.0 Necromancy
 + Level 1.0 Translocations
 + Level 1.0 Transmutations
 + Level 1.0 Fire Magic
 + Level 1.0 Ice Magic
 + Level 1.0 Air Magic
 + Level 1.0 Earth Magic
 + Level 1.0 Poison Magic
 + Level 1.3 Invocations
 + Level 1.2 Evocations


You had 5 spell levels left.
You didn't know any spells.
Your spell library was empty.

Dungeon Overview and Level Annotations

Branches:
Dungeon (3/15)

Altars:

Annotations:
D:3 Grinder


Innate Abilities, Weirdness & Mutations

You have very sharp teeth.
Your uncanny sense of smell can sniff out nearby items.
Your experience applies equally to all skills.


Message History

Your Spellcasting skill increases to level 1!
Your Evocations skill increases to level 1!
You have reached level 4!
You feel stronger.
You hit the orc priest but do no damage.
The orc priest is almost dead.
You hit the orc. You freeze the orc.
You kill the orc!
The orc priest hits you with a +1 dagger of flaming.
* * * LOW HITPOINT WARNING * * *
The orc priest burns you.
* * * LOW HITPOINT WARNING * * *
You hit the orc priest but do no damage.
The orc priest is almost dead.
You hit the orc wizard.
The orc priest mumbles some strange prayers to Beogh against you.
Pain shoots through your body!
* * * LOW HITPOINT WARNING * * *
The orc wizard barely misses you.
You hit the orc priest.
You kill the orc priest!
You closely miss the orc wizard.
The orc wizard hits you but does no damage.
Your Conjurations skill increases to level 1!
Your Hexes skill increases to level 1!
Your Summonings skill increases to level 1!
Your Necromancy skill increases to level 1!
Your Translocations skill increases to level 1!
Your Transmutations skill increases to level 1!
Your Fire Magic skill increases to level 1!
Your Ice Magic skill increases to level 1!
Your Air Magic skill increases to level 1!
Your Earth Magic skill increases to level 1!
Your Poison Magic skill increases to level 1!
You hit the orc wizard but do no damage.
The orc wizard seems to grow stronger.
The orc wizard is moderately wounded.
The orc wizard hits you with a +0 dagger.
You die...
Xom giggles madly!

## #....... ..########
######## #∆.........#
####### #..........#
#.>.... #.....$..(.#
#...... ..........
#...... .....o..#
####### g
#####.###)##############
......)@o....)....(.....
#####.###..####.########
# ##.# ##+##### #
#..##......# #
##.##......# #
.##......# # .##......#
# ..#.[....# # #...o..#
#


You could see an orc wizard (strong).

Vanquished Creatures
  An orc priest (D:3)
  An orc wizard (D:3)
  An adder skeleton (D:2)
  A dart slug (D:2)
  3 orcs
  7 endoplasms
  2 giant cockroaches (D:1)
  3 goblins
  4 hobgoblins
  A jackal (D:2)
  2 quokkas
  3 ball pythons
  2 bats (D:2)
  2 frilled lizards (D:2)
  2 kobolds
  3 rats
38 creatures vanquished.

Notes
Turn   | Place    | Note
-------+----------+-------------------------------------------
     0 | D:1      | DearestLeader the Gnoll Chaos Knight began the quest for
                  | the Orb.
     0 | D:1      | Reached XP level 1. HP: 23/23 MP: 1/1
   138 | D:1      | Reached XP level 2. HP: 28/29 MP: 2/2
   240 | D:1      | XOM: silly message
   713 | D:2      | Found a faded altar of an unknown god.
   867 | D:2      | Reached XP level 3. HP: 33/35 MP: 3/3
  1191 | D:2      | Reached skill level 1 in Invocations
  1470 | D:3      | Noticed Grinder
  1483 | D:3      | XOM: cast spell 'Metabolic Englaciation'
  1488 | D:3      | XOM: potion effect (curing)
  1494 | D:3      | XOM: cleaving
  1499 | D:3      | XOM: fake destruction
  1522 | D:3      | XOM: 2-stop teleportation journey
  1758 | D:3      | XOM: divination: detect creatures
  1764 | D:3      | Reached skill level 1 in Short Blades
  1764 | D:3      | Reached skill level 1 in Long Blades
  1764 | D:3      | Reached skill level 1 in Maces & Flails
  1764 | D:3      | Reached skill level 1 in Polearms
  1764 | D:3      | Reached skill level 1 in Staves
  1764 | D:3      | Reached skill level 1 in Slings
  1764 | D:3      | Reached skill level 1 in Bows
  1764 | D:3      | Reached skill level 1 in Crossbows
  1764 | D:3      | Reached skill level 1 in Throwing
  1764 | D:3      | Reached skill level 1 in Stealth
  1764 | D:3      | Reached skill level 1 in Shields
  1764 | D:3      | Reached skill level 1 in Unarmed Combat
  1764 | D:3      | Reached skill level 1 in Spellcasting
  1764 | D:3      | Reached skill level 1 in Evocations
  1764 | D:3      | Reached XP level 4. HP: 12/41 MP: 5/5
  1767 | D:3      | Reached skill level 1 in Conjurations
  1767 | D:3      | Reached skill level 1 in Hexes
  1767 | D:3      | Reached skill level 1 in Summonings
  1767 | D:3      | Reached skill level 1 in Necromancy
  1767 | D:3      | Reached skill level 1 in Translocations
  1767 | D:3      | Reached skill level 1 in Transmutations
  1767 | D:3      | Reached skill level 1 in Fire Magic
  1767 | D:3      | Reached skill level 1 in Ice Magic
  1767 | D:3      | Reached skill level 1 in Air Magic
  1767 | D:3      | Reached skill level 1 in Earth Magic
  1767 | D:3      | Reached skill level 1 in Poison Magic
  1767 | D:3      | Slain by an orc wizard

Illustrated notes

Levels and vault maps discovered:
D:1:      amcnicky_arrival_wind_blow, layout_rooms
D:2:      layout_loops_ring, shapermc_ecumenical_altar_petra, minmay_cut_off
D:3:      layout_basic, uniq_grinder

Skill      XL: |  1  2  3  4 |
---------------+-------------+-----
Invocations    | 1 |  1.3
Short Blades   | 1 |  1.2
Long Blades    | 1 |  1.2
Maces & Flails | 1 |  1.2
Polearms       | 1 |  1.2
Staves         | 1 |  1.2
Slings         | 1 |  1.2
Bows           | 1 |  1.2
Crossbows      | 1 |  1.2
Throwing       | 1 |  1.2
Stealth        | 1 |  1.2
Shields        | 1 |  1.2
Unarmed Combat | 1 |  1.2
Spellcasting   | 1 |  1.2
Evocations     | 1 |  1.2
Conjurations   | 1 |  1.0
Hexes          | 1 |  1.0
Summonings     | 1 |  1.0
Necromancy     | 1 |  1.0
Translocations | 1 |  1.0
Transmutations | 1 |  1.0
Fire Magic     | 1 |  1.0
Ice Magic      | 1 |  1.0
Air Magic      | 1 |  1.0
Earth Magic    | 1 |  1.0
Poison Magic   | 1 |  1.0
Fighting       | |  6.6
Axes           | |  6.6
Armour         | |  4.7
Dodging        | |  2.8

Action                   |  1- 3 |  4- 6 || total
-------------------------+-------+-------++-------
Melee: Hand axe          |   116 |     4 ||   120
       Bite              |     8 |       ||     8
       Punch             |     4 |       ||     4
  Use: Scroll            |     2 |       ||     2
       Potion            |     2 |       ||     2
 Stab: Confused          |     1 |       ||     1
Armor: Leather armour    |    20 |     1 ||    21
       Skin              |     7 |       ||     7
Dodge: Dodged            |    54 |     1 ||    55
